 Dungeon Sprint DCSS version 0.30-a0-748-ge6a52f7cba (webtiles) character file.

Game seed: 3890135975830068719

233168 BigDaddyOpFi the End of an Era (level 19, -2/186 HPs)
             Began as a Hill Orc Monk on Feb 8, 2023.
             Was the Champion of Qazlal.
             Killed by divine providence
             ... invoked by a deep elf high priest
             ... summoned by a demonspawn corrupter
              (15 damage)
             ... in the Dungeon (Sprint V: "Ziggurat Sprint").
             The game lasted 00:19:10 (9007 turns).

BigDaddyOpFi the End of an Era (Hill Orc Monk)      Turns: 9007, Time: 00:19:10

Health: -2/186     AC:  7    Str: 25    XL:     19   Next: 95%
Magic:  36/39      EV: 28    Int:  6    God:    Qazlal [******]
Gold:   0          SH:  8    Dex: 16    Spells: 47/50 levels left

rFire   + + .      SeeInvis +    F - +6 shillelagh "Devastator" {shatter}
rCold   x . .      Faith    +    (no shield)
rNeg    + . .      Spirit   .    (no body armour)
rPois   .          Reflect  .    Z - +3 crown of Dyrovepreva {rElec Int+2 SInv}
rElec   +          Harm     .    m - scarf {+Inv}
rCorr   +          Rampage  .    z - +1 pair of gloves of Foffih {rF+ rN+ Str+3 Int-4}
Will    +++..      NoTele   +    V - +2 pair of boots {Fly}
Stlth   +                        x - amulet "Cerup" {Faith Will++ rCorr Dex+3 Stlth+}
HPRegen 0.51/turn                v - ring of Neurosis {Fire Int-2 Slay+5}
MPRegen 0.26/turn                S - ring of the Tortoise {AC+8}

@: protected from physical damage, corroded, flying, studying 3 skills, repel
missiles
A: antennae 1, frail 1
0: Orb of Zot
a: Renounce Religion, Evoke Invisibility, Upheaval, Elemental Force, Disaster
Area


You were in the Dungeon.
You worshipped Qazlal.
Qazlal was exalted by your worship.
You visited 1 branch

Inventory:

Hand Weapons
 F - the +6 shillelagh "Devastator" (weapon) {shatter}
   (You found it in the Dungeon)
Armour
 m - a scarf of invisibility (worn)
 z - the +1 pair of gloves of Foffih (worn) {rF+ rN+ Str+3 Int-4}
   (You found it in the Dungeon)

   Str:       It affects your strength (+3).
   Int:       It affects your intelligence (-4).
   rF:        It protects you from fire.
   rN:        It protects you from negative energy.
 D - the +15 Maxwell's patent armour {-Cast -Tele rElec Will+ rCorr}
   (You found it in the Dungeon)

   rElec:     It insulates you from electricity.
   -Cast:     It prevents spellcasting.
   -Tele:     It prevents most forms of teleportation.
   rCorr:     It protects you from acid and corrosion.
   Will:      It increases your willpower.
 E - the +18 shield of the Gong {Loud rN+ Will+ rCorr EV-5}
   (You found it in the Dungeon)

   Loud:      It is deafeningly noisy when blocking attacks.
   EV:        It affects your evasion (-5).
   rN:        It protects you from negative energy.
   rCorr:     It protects you from acid and corrosion.
   Will:      It increases your willpower.
 V - a +2 pair of boots of flying (worn)
 Z - the +3 crown of Dyrovepreva (worn) {rElec Int+2 SInv}
   (You found it in the Dungeon)

   Int:       It affects your intelligence (+2).
   rElec:     It insulates you from electricity.
   SInv:      It lets you see invisible.
Jewellery
 v - the ring of Neurosis (left hand) {Fire Int-2 Slay+5}
   (You took it off a vault guard in the Dungeon)

   [ring of fire]

   It enhances your fire magic.
   Int:       It affects your intelligence (-2).
   Slay:      It affects your accuracy & damage with ranged weapons and melee
   (+5).
   rF:        It protects you from fire.
   rC:        It makes you vulnerable to cold.
 x - the amulet "Cerup" (around neck) {Faith Will++ rCorr Dex+3 Stlth+}
   (You found it in the Dungeon)

   [amulet of faith]

   It allows you to gain divine favour quickly.
   Dex:       It affects your dexterity (+3).
   rCorr:     It protects you from acid and corrosion.
   Will:      It greatly increases your willpower.
   Stlth:     It makes you more stealthy.
 y - the ring of the Meadowlark {rElec rC- rN+ Str+6 Int+2}
   (You found it in the Dungeon)

   [ring of strength]

   Str:       It affects your strength (+6).
   Int:       It affects your intelligence (+2).
   rC:        It makes you vulnerable to cold.
   rElec:     It insulates you from electricity.
   rN:        It protects you from negative energy.
 A - a ring of protection from cold
 B - the ring of Gequmet {rPois rCorr}
   (You took it off a merfolk in the Dungeon)

   [ring of poison resistance]

   rPois:     It protects you from poison.
   rCorr:     It protects you from acid and corrosion.
 S - the ring of the Tortoise (right hand) {AC+8}
   (You found it in the Dungeon)

   [ring of protection]

   AC:        It affects your AC (+8).
 U - a ring of protection from cold
 W - a ring of ice
 X - the ring of Olatir {Fly rElec rPois Will+++ Int-3}
   (You found it in the Dungeon)

   [ring of poison resistance]

   Int:       It affects your intelligence (-3).
   rElec:     It insulates you from electricity.
   rPois:     It protects you from poison.
   Fly:       It grants you flight.
   Will:      It greatly increases your willpower.
 Y - a ring of fire
Wands
 s - a wand of mindburst (7)
 t - a wand of iceblast (7)
 u - a wand of light (7)
Scrolls
 i - 4 scrolls of blinking
 o - 4 scrolls of amnesia
 p - 7 scrolls of fog
 q - 5 scrolls of identify
 r - 2 scrolls of fear
 w - 2 scrolls of enchant armour
 O - 4 scrolls of enchant weapon
 R - 9 scrolls of brand weapon
Potions
 c - a potion of ambrosia
 d - 10 potions of curing
 e - 7 potions of heal wounds
 f - 14 potions of haste
 g - 6 potions of magic
 h - 3 potions of berserk rage
 j - 2 potions of brilliance
 k - 2 potions of invisibility
 l - 4 potions of resistance
 n - 5 potions of might
Miscellaneous
 a - a phial of floods
 b - a box of beasts
 C - a lightning rod (4/4)
 G - a condenser vane
 H - a tin of tremorstones (2/2)
 L - a lightning rod (4/4)
 M - a piece from Xom's chessboard (15/15)


   Skills:
 O Level 27 Fighting
 - Level 4.0(21.4) Axes
 O Level 27 Maces & Flails
 O Level 27 Dodging
 O Level 27 Stealth
 * Level 16.3 Spellcasting
 - Level 12.6 Conjurations
 * Level 14.3 Summonings
 O Level 27 Invocations
 O Level 27 Evocations


You had 47 spell levels left.
You knew the following spells:

 Your Spells              Type           Power      Damage    Failure   Level
a - Spider Form           Tmut/Pois      4%         N/A       28%         3

Your spell library contained the following spells:

 Spells                   Type           Power      Damage    Failure   Level
 Foxfire                  Conj/Fire      72%        2x1d7     1%          1
 Kiss of Death            Conj/Necr      48%        2d9       1%          1
 Summon Small Mammal      Summ           88%        N/A       1%          1
 Momentum Strike          Conj/Tloc      24%        3d8       1%          2
 Static Discharge         Conj/Air       24%        2-3/arc   1%          2
 Call Canine Familiar     Summ           22%        N/A       1%          3
 Dazzling Flash           Conj/Hex       24%        N/A       2%          3
 Hailstorm                Conj/Ice       12%        3d5       2%          3
 Fulminant Prism          Conj/Hex       6%         3d7       7%          4
 Iskenderun's Mystic Bla  Conj/Tloc      12%        2d5       7%          4
 Sticky Flame             Conj/Fire      18%        2d4       7%          4
 Apportation              Tloc           8%         N/A       10%         1
 Beastly Appendage        Tmut           8%         N/A       10%         1
 Necrotise                Necr           16%        1d4       10%         1
 Slow                     Hex            16%        N/A       10%         1
 Sting                    Tmut/Pois      16%        1d3       10%         1
 Cigotuvi's Dreadful Rot  Necr/Pois/Air  8%         N/A       14%         2
 Passwall                 Tmut/Erth      3%         N/A       14%         2
 Poisonous Vapours        Pois/Air       8%         N/A       14%         2
 Scorch                   Fire           14%        2d5       14%         2
 Wereblood                Tmut           4%         N/A       14%         2
 Arcjolt                  Conj/Air       6%         1d16      21%         5
 Fireball                 Conj/Fire      9%         3d6       21%         5
 Lightning Bolt           Conj/Air       6%         1d18      21%         5
 Confusing Touch          Hex            4%         N/A       28%         3
 Ignite Poison            Fire/Tmut/Pois 7%         N/A       28%         3
 Inner Flame              Hex/Fire       7%         N/A       28%         3
 Kindle Blastsparks       Fire/Tloc/Air  14%        2d11      28%         3
 Portal Projectile        Hex/Tloc       8%         N/A       28%         3
 Tukima's Dance           Hex            4%         N/A       28%         3
 Vampiric Draining        Necr           4%         2d6       28%         3
 Vhi's Electric Charge    Tloc/Air       8%         N/A       28%         3
 Animate Dead             Necr           4%         N/A       67%         4
 Cause Fear               Hex            2%         N/A       67%         4
 Dispel Undead            Necr           4%         3d7       67%         4
 Ice Form                 Ice/Tmut       4%         N/A       67%         4
 Leda's Liquefaction      Hex/Erth       2%         N/A       67%         4
 Olgreb's Toxic Radiance  Pois           4%         N/A       67%         4
 Passage of Golubria      Tloc           4%         N/A       67%         4
 Conjure Ball Lightning   Conj/Air       6%         3x3d6     73%         6
 Alistair's Intoxication  Tmut/Pois      2%         N/A       95%         5
 Blade Hands              Tmut           2%         N/A       95%         5
 Lee's Rapid Deconstruct  Erth           2%         3d4*      95%         5
 Silence                  Hex/Air        2%         N/A       95%         5
 Yara's Violent Unravell  Hex/Tmut       2%         3d3       95%         5
 Haunt                    Necr/Summ      6%         N/A       99%         7
 Malign Gateway           Summ/Tloc      6%         N/A       99%         7
 Death Channel            Necr           2%         N/A       100%        6
 Simulacrum               Ice/Necr       2%         N/A       100%        6
 Dragon Form              Tmut           2%         N/A       100%        7
 Ozocubu's Refrigeration  Ice            2%         4d7       100%        7
 Discord                  Hex            2%         N/A       100%        8
 Ignition                 Fire           3%         3d4       100%        8
 Infestation              Necr           2%         N/A       100%        8
 Dragon's Call            Summ           11%        N/A       100%        9
 Polar Vortex             Ice            2%         N/A       100%        9


Dungeon Overview and Level Annotations

Branches:
Dungeon (1/1)

Altars:
Ashenzari
Cheibriados
Dithmenos
Elyvilon
Fedhas
Gozag
Hepliaklqana
Kikubaaqudgha
Makhleb
Nemelex Xobeh
Okawaru
Qazlal
Ru
Sif Muna
Trog
Uskayaw
Vehumet
Wu Jian
Xom
Yredelemnul
Zin
The Shining One
Beogh
Jiyva
Lugonu


Innate Abilities, Weirdness & Mutations

You have a pair of small antennae on your head.
You are frail. (-10% HP)


Message History

The demonspawn warmonger is lightly wounded.
The deep elf high priest is heavily wounded.
The demonspawn corrupter is engulfed in freezing vapours.
You block the demonspawn corrupter's attack.
The demonspawn corrupter kicks you but does no damage.
The deep elf high priest is engulfed in blazing flames.
The deep elf high priest calls down the wrath of its god upon you.
Something smites you!
The demonspawn warmonger hits you from afar with a +2 demon trident of freezing!!!
* * * LOW HITPOINT WARNING * * *
You feel more protected from cold. The demonspawn warmonger freezes you!
* * * LOW HITPOINT WARNING * * *
The deep elf high priest calls down the wrath of its god upon you.
Something smites you!
* * * LOW HITPOINT WARNING * * *
The deep elf high priest is engulfed in freezing vapours.
The deep elf high priest misses you.
You feel much better.
The demonspawn corrupter is engulfed in freezing vapours.
The demonspawn corrupter hits you with a +0 great sword!
* * * LOW HITPOINT WARNING * * *
Your resistance to cold fades away.
You feel protected from physical attacks.
The demonspawn corrupter kicks you.
* * * LOW HITPOINT WARNING * * *
The deep elf high priest is engulfed in blazing flames.
You kill the deep elf high priest!
The deep elf high priest's corpse disappears in a puff of smoke!
The demonspawn warmonger hits you from afar with a +2 demon trident of freezing!
* * * LOW HITPOINT WARNING * * *
You feel more protected from physical attacks.
The demonspawn warmonger freezes you.
* * * LOW HITPOINT WARNING * * *
The deep elf high priest is engulfed in freezing vapours.
The deep elf high priest hits you with a +0 scimitar.
* * * LOW HITPOINT WARNING * * *
The deep elf high priest invokes the aid of its god against you.
Something smites you!
You die...

.÷.........▓..▓...††..▓..▓...8©8.
...........▓.▓▓▓.....▓▓▓.▓..:))).
...........▓..▓.......▓..▓.......
...÷[......▓.............▓.......
...........▓......©......▓.......
....|......▓▓▓▓▓▓▓▓▓▓▓▓▓▓▓.......
....)......▓8888888888888▓.......
...........▓8..°e°○.)...8▓.......
...........▓8..e@[6..©..8▓.▓.....
...........▓8)..☼6°[....8▓....©..
...©.......▓8888888888888▓▓▓▓▓▓▓▓
▓▓▓▓▓▓▓▓▓▓▓▓▓▓▓▓▓▓▓▓▓▓▓▓▓▓▓▓▓▓▓▓▓
....8©8...)....▓.~~~....8©8..~..~
}|...).|)..|}}.▓~~|:}|[))~)~||))|
.=.).=....:.)).▓~~)))÷|~[))))|)≈:
....)..[[.).[|.▓.)~:)÷÷÷÷))|)[()~
...............▓.~.).)~≈)[)).)).[


You could see a demonspawn warmonger, a demonspawn corrupter (fast) and 2 deep
elf high priests.

Vanquished Creatures
  A seraph (D)
  An ancient lich (D)
  7 shard shrikes (shapeshifter) (D)
  A caustic shrike (shapeshifter) (D)
  2 bone dragons (D)
  A doom hound (D)
  A Brimstone Fiend (D)
  4 electric golems (D)
  A Tzitzimitl (D)
  A tainted leviathan (D)
  7 Orb Guardians (D)
  A Hell Sentinel (D)
  3 Ice Fiends (D)
  5 liches (D)
  2 titans (shapeshifter) (D)
  3 pandemonium lords (D)
  An acid blob (D)
  6 titans (D)
  A tentacled starspawn (D)
  An Executioner (D)
  2 krakens (D)
  2 storm dragons (D)
  A fenstrider witch (shapeshifter) (D)
  A rockslime (D)
  6 shadow dragons (D)
  9 nagarajas (D)
  A rockslime (shapeshifter) (D)
  A nargun (D)
  An emperor scorpion (D)
  13 frost giants (D)
  4 ghouls (D)
  A ghost moth (D)
  An emperor scorpion (shapeshifter) (D)
  4 angels (D)
  2 cacodemons (D)
  A broodmother (D)
  2 balrugs (D)
  A reaper (D)
  5 very ugly things (D)
  4 stone giants (D)
  A demonspawn black sun (D)
  2 putrid mouths (D)
  3 spark wasps (D)
  A wendigo (D)
  A lorocyproca (D)
  A bunyip (shapeshifter) (D)
  8 merfolk javelineers (D)
  11 merfolk impalers (D)
  4 blizzard demons (D)
  3 entropy weavers (D)
  A great orb of eyes (D)
  4 ice dragons (D)
  15 vault guards (D)
  An ice dragon (shapeshifter) (D)
  A hydra (D)
  4 spriggan air magi (D)
  3 radroaches (D)
  A boulder beetle (D)
  2 hell beasts (D)
  2 anacondas (D)
  A catoblepas (shapeshifter) (D)
  An anaconda (shapeshifter) (D)
  7 merfolk aquamancers (D)
  A satyr (D)
  4 two-headed ogres (D)
  4 naga warriors (D)
  4 vampire magi (D)
  3 spriggan berserkers (D)
  19 soul eaters (D)
  An iron troll (shapeshifter) (D)
  5 sun demons (D)
  A death drake (shapeshifter) (D)
  2 fire crabs (shapeshifter) (D)
  A sea snake (shapeshifter) (D)
  3 sixfirhies (D)
  4 pharaoh ants (D)
  A sun moth (D)
  6 sea snakes (D)
  A shadow demon (D)
  A deep troll (shapeshifter) (D)
  3 glowing orange brains (shapeshifter) (D)
  2 orb spiders (D)
  2 swamp dragons (shapeshifter) (D)
  An ironbound convoker (D)
  6 steelbarb worms (D)
  A steelbarb worm (shapeshifter) (D)
  A harpy (shapeshifter) (D)
  3 harpies (D)
  2 manticores (D)
  13 wolf spiders (D)
  A necromancer (D)
  A glowing shapeshifter (D)
  A shining eye (shapeshifter) (D)
  3 cyclopes (D)
  2 wolf spiders (shapeshifter) (D)
  A faun (shapeshifter) (D)
  2 mana vipers (shapeshifter) (D)
  2 elephants (D)
  5 shining eyes (D)
  2 manticores (shapeshifter) (D)
  2 moths of wrath (shapeshifter) (D)
  2 merfolk sirens (D)
  2 moths of wrath (D)
  6 black mambas (D)
  4 naga magi (D)
  A smoke demon (D)
  An eye of devastation (D)
  2 rust devils (D)
  A demonic crawler (D)
  A guardian serpent (D)
  3 water nymphs (shapeshifter) (D)
  2 cane toads (shapeshifter) (D)
  3 orange demons (D)
  2 rime drakes (shapeshifter) (D)
  A cane toad (D)
  2 torpor snails (D)
  5 hellions (D)
  3 komodo dragons (D)
  7 yaktaurs (D)
  3 rime drakes (D)
  An efreet (D)
  8 freezing wraiths (D)
  6 ice devils (D)
  A tormentor (D)
  2 trolls (D)
  A red devil (D)
  4 polar bears (D)
  7 merfolk (D)
  A troll (shapeshifter) (D)
  2 queen bees (shapeshifter) (D)
  4 tarantellas (D)
  5 hornets (D)
  2 meliai (shapeshifter) (D)
  4 wind drakes (D)
  A tarantella (shapeshifter) (D)
  A merfolk (shapeshifter) (D)
  6 snapping turtles (D)
  A blink frog (D)
  3 snapping turtles (shapeshifter) (D)
  A culicivora (shapeshifter) (D)
  5 slime creatures (D)
  A shadow (D)
  12 air elementals (D)
  4 jumping spiders (D)
  2 vampires (D)
  5 culicivoras (D)
  5 spriggans (D)
  A yak (D)
  A large abomination (D)
  A basilisk (shapeshifter) (D)
  3 golden eyes (D)
  A chaos spawn (D)
  A human (shapeshifter) (D)
  A golden eye (shapeshifter) (D)
  A basilisk (D)
  4 redbacks (D)
  A redback (shapeshifter) (D)
  2 neqoxecs (D)
  6 nagas (D)
  5 swamp worms (shapeshifter) (D)
  4 water moccasins (D)
  2 hell hounds (D)
  A small abomination (D)
  2 floating eyes (shapeshifter) (D)
  2 black bears (shapeshifter) (D)
  3 black bears (D)
  3 ice beasts (D)
  An ogre (D)
  2 wolves (D)
  4 scorpions (D)
  A crimson imp (D)
  A jelly (D)
  2 iron imps (D)
  2 mummies (D)
  5 adders (D)
  3 shadow imps (D)
  A white imp (D)
  A spectral adder (D)
  4 ufetubi (D)
  7 adder zombies (D)
  An adder skeleton (D)
  3 adder simulacra (D)
  2 spectral bats (D)
  3 ball pythons (D)
  5 bat skeletons (D)
  4 bat zombies (D)
  2 endoplasms (D)
  A ball python simulacrum (D)
  7 ball python skeletons (D)
  7 ball python zombies (D)
  3 bat simulacra (D)
  A giant cockroach zombie (D)
  A jackal simulacrum (D)
  2 jackal zombies (D)
  A quokka simulacrum (D)
  2 quokka skeletons (D)
  5 quokka zombies (D)
  A spectral ball python (D)
  A spectral giant cockroach (D)
584 creatures vanquished.

Vanquished Creatures (others)
  5 golden eyes (D)
  A quasit (D)
  2 small abominations (D)
  A shadow imp (D)
  2 starspawn tentacles (D)
  8 tentacles (D)
19 creatures vanquished.

Grand Total: 603 creatures vanquished

Notes
Turn   | Place    | Note
-------+----------+-------------------------------------------
     0 | D        | BigDaddyOpFi the Hill Orc Monk began the quest for the Orb.
     0 | D        | Reached XP level 1. HP: 19/19 MP: 1/1
     2 | D        | Found a blossoming altar of Fedhas.
     2 | D        | Found the +6 Majin-Bo {spellvamp, MP+6 Int+6}
     2 | D        | Found the +27 heavy crossbow "Sniper" {heavy, Acc+∞ SInv}
     2 | D        | Found the +10 dark maul {heavy}
     2 | D        | Found the +15 Maxwell's patent armour {-Cast -Tele rElec
                  | Will+ rCorr}
     2 | D        | Found the +18 shield of the Gong {Loud rN+ Will+ rCorr
                  | EV-5}
     2 | D        | Found the +16 obsidian axe {drain, demonic, Mesm Drain Fly
                  | SInv}
     2 | D        | Found the +7 great mace "Firestarter" {flame, inner flame,
                  | rFlCloud rF++}
     2 | D        | Found the +6 shillelagh "Devastator" {shatter}
     2 | D        | Found the +11 plutonium sword {Contam Stlth-}
     2 | D        | Found the +8 lance "Wyrmbane" {slay drac, rPois rF+ rC+
                  | AC+3}
     2 | D        | Found the +9 sword of Zonguldrok {reap}
     2 | D        | Found the +13 scythe of Curses {drain, curses, Drain}
     2 | D        | Found the +9 sword of Power {lifebolt}
     2 | D        | Found the +7 mace of Variability {chaos, chain chaos}
     2 | D        | Found the +11 Singing Sword {sonic wave}
     2 | D        | Found the +8 storm bow {elec, penet}
     5 | D        | Found a shimmering blue altar of Sif Muna.
     5 | D        | Found a sacrificial altar of Ru.
     5 | D        | Found a bloodstained altar of Trog.
     5 | D        | Found a stormy altar of Qazlal.
     5 | D        | Found an iron altar of Okawaru.
     5 | D        | Found a sparkling altar of Nemelex Xobeh.
     7 | D        | Found a transporter.
     7 | D        | Found an ancient bone altar of Kikubaaqudgha.
     7 | D        | Found a viscous altar of Jiyva.
     7 | D        | Found a corrupted altar of Lugonu.
     7 | D        | Found a hazy altar of Hepliaklqana.
     7 | D        | Found a burning altar of Makhleb.
     7 | D        | Found an opulent altar of Gozag.
    57 | D        | Became a worshipper of Qazlal Stormbringer
    57 | D        | Reached * piety under Qazlal
    57 | D        | Reached ** piety under Qazlal
    58 | D        | Reached skill level 5 in Fighting
    58 | D        | Reached XP level 2. HP: 30/30 MP: 2/2
    68 | D        | Entered arena 2.
    68 | D        | Noticed a yaktaur
    68 | D        | Noticed a yaktaur
    68 | D        | Found a transporter.
    73 | D        | Killed a yaktaur
    74 | D        | Reached skill level 5 in Dodging
    74 | D        | Reached skill level 5 in Stealth
    74 | D        | Reached XP level 3. HP: 40/40 MP: 2/8
    74 | D        | Reached XP level 4. HP: 48/48 MP: 2/10
    74 | D        | Reached XP level 5. HP: 53/53 MP: 2/11
    74 | D        | Reached XP level 6. HP: 61/61 MP: 2/12
    74 | D        | Killed a yaktaur
    75 | D        | Reached skill level 10 in Invocations
    75 | D        | Reached XP level 7. HP: 69/69 MP: 2/14
   328 | D        | Entered arena 3.
   328 | D        | Found the +3 greatsling "Punk" {acid, rCorr}
   328 | D        | Found a transporter.
   333 | D        | Reached *** piety under Qazlal
   342 | D        | Entered arena 4.
   342 | D        | Found a transporter.
   347 | D        | Reached **** piety under Qazlal
   416 | D        | Entered arena 5.
   416 | D        | Noticed a spriggan
   416 | D        | Found a transporter.
   425 | D        | Killed a spriggan
   426 | D        | Reached XP level 8. HP: 76/78 MP: 14/16
   426 | D        | Reached ***** piety under Qazlal
   433 | D        | Got the ring "Ovuato" {rN+ MP+9}
   449 | D        | Entered arena 6.
   449 | D        | Noticed a spriggan
   449 | D        | Noticed a spriggan
   449 | D        | Noticed a spriggan
   449 | D        | Noticed a spriggan
   449 | D        | Found a transporter.
   451 | D        | Killed a spriggan
   451 | D        | Killed a spriggan
   452 | D        | Reached skill level 10 in Fighting
   452 | D        | Killed a spriggan
   452 | D        | Killed a spriggan
   455 | D        | Reached XP level 9. HP: 86/86 MP: 17/19
   555 | D        | Entered arena 7.
   555 | D        | Noticed a vault guard
   555 | D        | Noticed a vault guard
   555 | D        | Noticed a vault guard
   555 | D        | Noticed a vault guard
   555 | D        | Noticed an ironbound convoker
   555 | D        | Noticed a great orb of eyes
   556 | D        | Found a transporter.
   558 | D        | Killed an ironbound convoker
   558 | D        | Killed a vault guard
   558 | D        | Killed a great orb of eyes
   559 | D        | Reached skill level 10 in Maces & Flails
   559 | D        | Reached XP level 10. HP: 97/97 MP: 3/22
   564 | D        | Killed a vault guard
   564 | D        | Killed a vault guard
   566 | D        | Killed a vault guard
   715 | D        | Entered arena 8.
   716 | D        | Found a transporter.
   725 | D        | Reached skill level 10 in Stealth
   761 | D        | Got Sif Muna's Almanac of Wintry Sinister Acts
   766 | D        | Entered arena 9.
   766 | D        | Noticed a cacodemon
   766 | D        | Noticed a tentacled starspawn
   767 | D        | Found a transporter.
   768 | D        | Reached ****** piety under Qazlal
   768 | D        | Killed a cacodemon
   768 | D        | Killed a tentacled starspawn
   769 | D        | Reached XP level 11. HP: 108/108 MP: 14/24
   947 | D        | Entered arena 10.
   948 | D        | Found a transporter.
  1100 | D        | Got Waupt's Codex of the Icicle
  1115 | D        | Entered arena 11.
  1115 | D        | Noticed a wolf spider
  1115 | D        | Noticed a wolf spider
  1115 | D        | Noticed a wolf spider
  1116 | D        | Found a transporter.
  1117 | D        | Killed a wolf spider
  1118 | D        | Reached skill level 10 in Dodging
  1118 | D        | Killed a wolf spider
  1121 | D        | Killed a wolf spider
  1294 | D        | Entered arena 12.
  1294 | D        | Found the +7 captain's cutlass {speed, disarm}
  1294 | D        | Noticed a vampire mage
  1294 | D        | Noticed a lich
  1294 | D        | Noticed a vampire mage
  1294 | D        | Noticed a vampire mage
  1295 | D        | Noticed a vampire mage
  1295 | D        | Noticed a necromancer
  1296 | D        | Killed a necromancer
  1296 | D        | Killed a vampire mage
  1296 | D        | Killed a vampire mage
  1296 | D        | Killed a lich
  1296 | D        | Killed a vampire mage
  1297 | D        | Reached skill level 15 in Fighting
  1297 | D        | Reached XP level 12. HP: 121/121 MP: 16/26
  1300 | D        | Found a transporter.
  1309 | D        | Killed a vampire mage
  1494 | D        | Entered arena 13.
  1494 | D        | Noticed a ghoul
  1494 | D        | Noticed a soul eater
  1494 | D        | Noticed a soul eater
  1495 | D        | Noticed a soul eater
  1495 | D        | Noticed a soul eater
  1496 | D        | Killed a soul eater
  1496 | D        | Killed a soul eater
  1496 | D        | Killed a soul eater
  1496 | D        | Killed a soul eater
  1497 | D        | Found a transporter.
  1501 | D        | Killed a ghoul
  1670 | D        | Got the ring of Cyahyst {rElec rF+ rCorr Int-2 SInv Stlth+}
  1673 | D        | Got the ring "Hiurizuafu" {rPois MP+9 Int-2 Dex+5}
  1685 | D        | Entered arena 14.
  1685 | D        | Noticed a two-headed ogre
  1685 | D        | Noticed a stone giant
  1685 | D        | Noticed a stone giant
  1686 | D        | Noticed a two-headed ogre
  1686 | D        | Noticed a two-headed ogre
  1686 | D        | Noticed a two-headed ogre
  1686 | D        | Found the ring of the Tortoise {AC+8}
  1688 | D        | Killed a two-headed ogre
  1688 | D        | Killed a two-headed ogre
  1688 | D        | Killed a two-headed ogre
  1688 | D        | Killed a two-headed ogre
  1688 | D        | Killed a stone giant
  1688 | D        | Killed a stone giant
  1689 | D        | Reached skill level 15 in Maces & Flails
  1689 | D        | Found a transporter.
  1828 | D        | Entered arena 15.
  1828 | D        | Noticed a soul eater
  1828 | D        | Noticed a soul eater
  1829 | D        | Noticed a soul eater
  1831 | D        | Killed a soul eater
  1831 | D        | Killed a soul eater
  1831 | D        | Killed a soul eater
  1832 | D        | Reached XP level 13. HP: 132/132 MP: 19/29
  1889 | D        | Found a transporter.
  1898 | D        | Acquired a +0 pair of boots of flying
  1908 | D        | Got the ring of Ru's Vengeance {rC+ Will- MP+9 Int+4}
  1919 | D        | Entered arena 16.
  1920 | D        | Noticed a rockslime
  1920 | D        | Noticed an acid blob
  1922 | D        | Killed an acid blob
  1922 | D        | Killed a rockslime
  1923 | D        | Found a transporter.
  2038 | D        | Entered arena 17.
  2040 | D        | Noticed a frost giant
  2040 | D        | Noticed a titan
  2040 | D        | Noticed a frost giant
  2040 | D        | Noticed a nargun
  2041 | D        | Noticed a wendigo
  2041 | D        | Noticed a frost giant
  2041 | D        | Noticed a frost giant
  2042 | D        | Killed a nargun
  2042 | D        | Killed a titan
  2042 | D        | Killed a frost giant
  2042 | D        | Killed a frost giant
  2044 | D        | Killed a frost giant
  2044 | D        | Killed a frost giant
  2044 | D        | Killed a wendigo
  2045 | D        | Found a transporter.
  2103 | D        | Got the ring "Hiaritoo" {rCorr Int+3}
  2187 | D        | Got the Information on the Called Burn
  2189 | D        | Entered arena 18.
  2191 | D        | Noticed a brown very ugly thing
  2191 | D        | Noticed a red very ugly thing
  2191 | D        | Noticed a green very ugly thing
  2191 | D        | Gained mutation: You are frail. (-10% HP) [a shining eye]
  2192 | D        | Noticed a red very ugly thing
  2192 | D        | Noticed a cyan very ugly thing
  2193 | D        | Killed a red very ugly thing
  2193 | D        | Killed a brown very ugly thing
  2193 | D        | Killed a green very ugly thing
  2193 | D        | Killed a cyan very ugly thing
  2194 | D        | Reached skill level 15 in Stealth
  2194 | D        | Reached skill level 27 in Invocations
  2194 | D        | Reached XP level 14. HP: 131/131 MP: 22/31
  2194 | D        | Killed a red very ugly thing
  2196 | D        | Found a transporter.
  2330 | D        | Got the +1 helmet of the Game Afoot {rN+ Int+3 Dex+4}
  2350 | D        | Entered arena 19.
  2360 | D        | Found a transporter.
  2504 | D        | Entered arena 20.
  2511 | D        | Reached skill level 15 in Dodging
  2522 | D        | Found a transporter.
  2636 | D        | Got Sif Muna's Writings on the Dragon and Vapour
  2640 | D        | Got Sif Muna's Octavo of Beguiling Feathers
  2664 | D        | Entered arena 21.
  2667 | D        | Noticed a stone giant
  2667 | D        | Identified the ring of Neurosis {Fire Int-2 Slay+5}
  2668 | D        | Noticed a shadow dragon
  2668 | D        | Noticed an ancient lich
  2668 | D        | Noticed a lich
  2668 | D        | Noticed a shadow dragon
  2668 | D        | Noticed a lich
  2668 | D        | Noticed a lich
  2669 | D        | Identified the +5 ring mail "Vuathex" {Will+}
  2669 | D        | Noticed a stone giant
  2669 | D        | Noticed a shadow dragon
  2669 | D        | Identified the +8 dagger of Ancient Evil {holy, Str+3}
  2670 | D        | Killed a lich
  2670 | D        | Killed a lich
  2670 | D        | Killed a stone giant
  2670 | D        | Killed a stone giant
  2670 | D        | Killed an ancient lich
  2670 | D        | Killed a shadow dragon
  2671 | D        | Reached XP level 15. HP: 145/145 MP: 23/32
  2672 | D        | Killed a shadow dragon
  2672 | D        | Killed a shadow dragon
  2672 | D        | Killed a lich
  2673 | D        | Found a transporter.
  2793 | D        | Entered arena 22.
  2795 | D        | Noticed an electric golem
  2796 | D        | Paralysed by an air elemental for 1 turns
  2796 | D        | Noticed an electric golem
  2796 | D        | Noticed an electric golem
  2797 | D        | Noticed an electric golem
  2797 | D        | Noticed a titan
  2798 | D        | Noticed a storm dragon
  2798 | D        | Paralysed by an air elemental for 1 turns
  2800 | D        | Killed an electric golem
  2800 | D        | Killed an electric golem
  2800 | D        | Noticed a titan
  2801 | D        | Noticed a titan
  2802 | D        | Killed a titan
  2802 | D        | Killed a titan
  2802 | D        | Killed a storm dragon
  2802 | D        | Killed a titan
  2802 | D        | Noticed a titan
  2802 | D        | Noticed a titan
  2803 | D        | Noticed a storm dragon
  2806 | D        | Killed a storm dragon
  2806 | D        | Killed a titan
  2806 | D        | Killed an electric golem
  2807 | D        | Reached XP level 16. HP: 84/159 MP: 2/33
  2807 | D        | Found the +5 demon whip "Spellbinder" {antimagic, disrupt,
                  | Will+}
  2812 | D        | Killed a titan
  2831 | D        | Killed an electric golem
  3043 | D        | Found a transporter.
  3048 | D        | Got the amulet "Cerup" {Faith Will++ rCorr Dex+3 Stlth+}
  3065 | D        | Entered arena 23.
  3070 | D        | Noticed a nagaraja
  3070 | D        | Noticed a nagaraja
  3071 | D        | Noticed a nagaraja
  3071 | D        | Noticed a nagaraja
  3071 | D        | Noticed a nagaraja
  3071 | D        | Identified the +6 scimitar of Lonor {venom, rElec rF+}
  3071 | D        | Noticed a nagaraja
  3072 | D        | Killed a nagaraja
  3072 | D        | Killed a nagaraja
  3072 | D        | Killed a nagaraja
  3072 | D        | Killed a nagaraja
  3072 | D        | Killed a nagaraja
  3073 | D        | Noticed a nagaraja
  3073 | D        | Noticed a nagaraja
  3074 | D        | Noticed a nagaraja
  3074 | D        | Found the +7 sceptre of Torment {pain, torment}
  3075 | D        | Killed a nagaraja
  3075 | D        | Killed a nagaraja
  3075 | D        | Killed a nagaraja
  3076 | D        | Found a transporter.
  3077 | D        | Killed a nagaraja
  3224 | D        | Got the +1 helmet of the Great Game {rF- Str+3 Slay+2 SInv}
  3246 | D        | Entered arena 24.
  3254 | D        | Reached skill level 27 in Fighting
  3386 | D        | Found a transporter.
  3399 | D        | Got the +1 pair of gloves of Foffih {rF+ rN+ Str+3 Int-4}
  3404 | D        | Got the Elucidation of Fulmination and the Figure
  3439 | D        | Entered arena 25.
  3446 | D        | Noticed an Ice Fiend
  3446 | D        | Noticed an Ice Fiend
  3447 | D        | Killed an Ice Fiend
  3448 | D        | Reached XP level 17. HP: 142/171 MP: 25/34
  3448 | D        | Noticed an Ice Fiend
  3449 | D        | Reached skill level 27 in Maces & Flails
  3449 | D        | Killed an Ice Fiend
  3449 | D        | Killed an Ice Fiend
  3541 | D        | Found the +10 morningstar "Eos" {elec, Halo rElec}
  3542 | D        | Found a transporter.
  3584 | D        | Entered arena 26.
  3592 | D        | Noticed a Tzitzimitl
  3592 | D        | Noticed a tainted leviathan
  3592 | D        | Noticed a bone dragon
  3593 | D        | Noticed a doom hound
  3593 | D        | Found the +3 crown of Dyrovepreva {rElec Int+2 SInv}
  3594 | D        | Killed a doom hound
  3594 | D        | Killed a Tzitzimitl
  3594 | D        | Killed a tainted leviathan
  3599 | D        | Noticed a bone dragon
  3606 | D        | Killed a bone dragon
  3610 | D        | Killed a bone dragon
  3612 | D        | Found the +8 trishula "Condemnation" {holy, anguish, *Noise
                  | Fly rN+}
  3614 | D        | Found a transporter.
  3884 | D        | Got the ring of Olatir {Fly rElec rPois Will+++ Int-3}
  3941 | D        | Entered arena 27.
  3948 | D        | Identified the ring of Goreoli {rPois rN++ Int-3}
  3949 | D        | Noticed a kraken
  3949 | D        | Identified the ring "Coneise" {AC+4 Dex+2}
  3949 | D        | Identified the +1 leather armour "Teghics" {Int+3}
  3949 | D        | Identified the ring of Aleczof {Int+6 Dex+3}
  3951 | D        | Reached skill level 27 in Stealth
  3951 | D        | Reached XP level 18. HP: 180/180 MP: 26/35
  3954 | D        | Identified the ring "Zueckob" {Fly rC- rN++ Str+5} (You
                  | took it off a merfolk in the Dungeon)
  3956 | D        | Reached skill level 27 in Dodging
  3956 | D        | Reached skill level 10 in Evocations
  3966 | D        | Found a transporter.
  3972 | D        | Found the +8 whip "Snakebite" {venom, curare, rPois}
  4206 | D        | Entered arena 28.
  4214 | D        | Noticed a shard shrike
  4214 | D        | Noticed a shard shrike
  4215 | D        | Noticed a shard shrike
  4215 | D        | Found the +8 demon blade "Leech" {evervamp, Harm Drain rN+}
  4215 | D        | a shard shrike changed into a titan
  4215 | D        | Noticed a titan (glowing shapeshifter)
  4215 | D        | Noticed a shard shrike
  4216 | D        | Killed a shard shrike
  4216 | D        | Killed a shard shrike
  4216 | D        | Killed a shard shrike
  4216 | D        | Noticed a shard shrike
  4216 | D        | Noticed a shard shrike
  4217 | D        | Noticed a shard shrike
  4218 | D        | Killed a shard shrike
  4218 | D        | Killed a shard shrike
  4219 | D        | Killed a titan
  4220 | D        | Noticed a shard shrike
  4220 | D        | Noticed a titan
  4221 | D        | Identified the +1 leather armour of the True Pharaoh {rN+
                  | Str+5 Int-4}
  4221 | D        | Noticed a titan
  4222 | D        | Noticed a caustic shrike
  4222 | D        | Killed a shard shrike
  4222 | D        | a shard shrike changed into a caustic shrike
  4222 | D        | Noticed a caustic shrike (glowing shapeshifter)
  4222 | D        | a titan changed into a rockslime
  4223 | D        | a caustic shrike changed into a golden dragon
  4223 | D        | Noticed a golden dragon (glowing shapeshifter)
  4224 | D        | Found the +3 Elemental Staff {rElec rF++ rC++ AC+5}
  4224 | D        | a golden dragon changed into a shadow dragon
  4224 | D        | Noticed a quicksilver dragon
  4224 | D        | Noticed a titan
  4225 | D        | a titan changed into a shard shrike
  4225 | D        | Noticed a shard shrike (glowing shapeshifter)
  4225 | D        | a quicksilver dragon changed into an iron troll
  4226 | D        | Killed a shard shrike
  4226 | D        | Killed a caustic shrike
  4226 | D        | a shadow dragon changed into a quicksilver dragon
  4226 | D        | Noticed a quicksilver dragon (glowing shapeshifter)
  4227 | D        | Reached XP level 19. HP: 186/186 MP: 24/36
  4228 | D        | Found a transporter.
  4231 | D        | a shadow dragon changed into a golden dragon
  4231 | D        | Noticed a golden dragon (glowing shapeshifter)
  4232 | D        | a golden dragon changed into a sphinx
  4237 | D        | a rockslime changed into a golden dragon
  4237 | D        | Noticed a golden dragon (glowing shapeshifter)
  4242 | D        | a golden dragon changed into a caustic shrike
  4242 | D        | Noticed a caustic shrike (glowing shapeshifter)
  4243 | D        | a caustic shrike changed into an iron giant
  4243 | D        | Noticed an iron giant (glowing shapeshifter)
  4247 | D        | an iron giant changed into a shadow dragon
  4417 | D        | Got Ubryadgh's Parchment of Moving Pyromania
  4449 | D        | Got the ring of the Meadowlark {rElec rC- rN+ Str+6 Int+2}
  4460 | D        | Got the ring of Gequmet {rPois rCorr}
  4599 | D        | Got the Orb of Zot
  5455 | D        | Noticed a Brimstone Fiend
  5466 | D        | Killed a Brimstone Fiend
  5467 | D        | Reached skill level 27 in Evocations
  5467 | D        | Reached skill level 1 in Spellcasting
  5467 | D        | Reached skill level 1 in Conjurations
  5764 | D        | Noticed Hyjuzo the pandemonium lord
  5776 | D        | Reached skill level 5 in Spellcasting
  5826 | D        | Killed Hyjuzo the pandemonium lord
  5827 | D        | Reached skill level 5 in Conjurations
  6222 | D        | Noticed a seraph
  6224 | D        | Killed a seraph
  6227 | D        | Reached skill level 10 in Spellcasting
  6243 | D        | Reached skill level 10 in Conjurations
  7052 | D        | Reached skill level 1 in Summonings
  7323 | D        | Gained mutation: You have a pair of small antennae on your
                  | head. [a cacodemon]
  7340 | D        | Reached skill level 5 in Summonings
  7513 | D        | Noticed Kouqir the pandemonium lord
  7542 | D        | Killed Kouqir the pandemonium lord
  7543 | D        | Reached skill level 10 in Summonings
  7991 | D        | Reached skill level 15 in Spellcasting
  8384 | D        | Noticed a Hell Sentinel
  8401 | D        | Killed a Hell Sentinel
  8540 | D        | Noticed Coseddyi the pandemonium lord
  8542 | D        | Killed Coseddyi the pandemonium lord
  8926 | D        | Learned a level 3 spell: Spider Form
  9007 | D        | Killed from afar by a deep elf high priest

Illustrated notes

Levels and vault maps discovered:
D:        sprint_v [room_start, room_1, room_2, room_3, room_4, room_5, room_6,
          room_7, room_8, room_9, room_10, room_11, room_12, room_13, room_14,
          room_15, room_16, room_17, room_18, room_19, room_20, room_21,
          room_22, room_23, room_24, room_25, room_26, room_27]

Skill      XL: |  1  2  3  4  5  6  7  8  9 10 11 12 13 14 15 16 17 18 19 |
---------------+----------------------------------------------------------+-----
Fighting       | 5 7 8 9 10 11 13 15 17 19 22 24 27 | 27.0
Maces & Flails | 3 6 7 9 10 12 13 15 17 21 22 26 27 | 27.0
Dodging        | 3 5 6 7 8 9 10 12 14 16 18 21 26 27 | 27.0
Stealth        | 3 5 6 7 8 9 10 11 13 15 18 19 22 27 | 27.0
Invocations    | 8 10 11 13 16 19 21 24 27 | 27.0
Evocations     | 25 27 | 27.0
Spellcasting   | 16 | 16.3
Conjurations   | 12 | 12.6
Summonings     | 14 | 14.3
Axes           | |  4.0

Action                     |  1- 3 |  4- 6 |  7- 9 | 10-12 | 13-15 | 16-18 | 19-21 || total
---------------------------+-------+-------+-------+-------+-------+-------+-------++-------
  Melee: Shillelagh        |     3 |     1 |    17 |    25 |    10 |    42 |   322 ||   420
         Unarmed           |       |       |       |       |       |       |    15 ||    15
   Fire: Greatsling        |       |       |     2 |       |       |       |       ||     2
   Cast: Spider Form       |       |       |       |       |       |       |     2 ||     2
 Invoke: Disaster Area     |       |       |     2 |     7 |    15 |    21 |     5 ||    50
         Upheaval          |       |       |       |       |       |     1 |       ||     1
    Use: Potion            |     2 |       |       |       |     2 |     8 |     5 ||    17
         Scroll            |       |       |       |       |     1 |       |     2 ||     3
   Stab: Petrified         |       |       |       |       |       |     2 |       ||     2
 Armour: Plate armour      |     1 |       |    29 |     7 |    19 |    20 |    78 ||   154
         Skin              |       |       |       |       |       |       |    10 ||    10
  Dodge: Dodged            |       |       |     2 |     6 |     9 |    15 |    81 ||   113
         Repelled          |       |       |       |       |       |     4 |     1 ||     5
  Block: Kite shield       |     8 |       |    46 |    40 |    28 |    85 |   360 ||   567
         Other             |       |       |       |       |       |       |    14 ||    14

Table legend: (Time is in decaauts)
 A = Elapsed time spent in this place.
 B = Non-inter-level travel time spent in this place.
 C = Inter-level travel time spent in this place.
 D = Time resting spent in this place.
 E = Time spent auto-exploring this place.
 F = Levels seen in this place.
 G = Mean time per level.
                   A        B        C        D        E       F      G
               +--------+--------+--------+--------+--------+-----+--------+
         Total |   8930 |   8930 |      0 |   7220 |     44 |   1 | 8930.0 |
       Dungeon |   8930 |   8930 |      0 |   7220 |     44 |   1 | 8930.0 |
               +--------+--------+--------+--------+--------+-----+--------+

Top non-repeatable levels by time:
       D: 8930 daAuts
